 Dungeon Crawl Stone Soup version 0.29-a0-1027-gcd8c55af63 (webtiles) character file.

Game seed: 3525211311188543829

314 bladeefan the Trooper (level 6, -25/16 (57) HPs)
             Began as a Hill Orc Monk on Aug 13, 2022.
             Killed by an exploding jackal (30 damage)
             ... ignited by their inner flame
             ... on level 4 of the Dungeon.
             The game lasted 00:05:49 (4526 turns).

bladeefan the Trooper (Hill Orc Monk)               Turns: 4526, Time: 00:05:50

HP:   -25/16 (57)   AC:  6    Str: 14 (16) XL:     6   Next: 43%
MP:   6/6           EV: 10    Int:  8 (10) God:
Gold: 101           SH:  0    Dex: 11 (13) Spells: 5/5 levels left

rFire   x . .      SeeInvis .   a - +0 mace
rCold   + . .      Faith    .   (no shield)
rNeg    . . .      Spirit   .   m - +0 scale mail
rPois   .          Reflect  .   (no helmet)
rElec   .          Harm     .   (no cloak)
rCorr   .          Rampage  .   (no gloves)
Will    .....                   (no boots)
Stlth   ..........              (no amulet)
HPRegen 0.05/turn               e - ring of ice
MPRegen 0.10/turn               b - ring of wizardry

@: extremely drained, unable to read
A: inability to read while threatened 1
a: no special abilities


You were on level 4 of the Dungeon.
You visited 1 branch of the dungeon, and saw 4 of its levels.

You collected 101 gold pieces.

Inventory:

Hand Weapons
 a - a +0 mace (weapon)
Armour
 m - a +0 scale mail (worn)
   (You found it on level 2 of the Dungeon)
Jewellery
 b - a ring of wizardry (right hand)
   (You found it on level 2 of the Dungeon)
 e - a ring of ice (left hand)
   (You found it on level 1 of the Dungeon)
Scrolls
 i - 3 scrolls of teleportation {@r4}
 n - 3 scrolls of magic mapping
Potions
 k - a potion of mutation {!q}
 l - 3 potions of curing {@q1}


   Skills:
 * Level 5.9 Fighting
 + Level 4.5 Maces & Flails
 + Level 2.1 Armour
 + Level 3.3 Dodging
 - Level 2.1 Stealth


You had 5 spell levels left.
You didn't know any spells.
Your spell library contained the following spells:

 Spells                   Type           Power      Damage    Failure   Level
 Sandblast                Erth           0%         2d4       56%         1
 Passwall                 Tmut/Erth      0%         N/A       69%         2
 Stone Arrow              Conj/Erth      0%         3d7       89%         3


Dungeon Overview and Level Annotations

Branches:
Dungeon (4/15)
 Temple: D:4-7

Altars:
Trog

Shops:
D:4 ((

Annotations:
D:3 1 runed translucent door, Grinder; Veterankin's ghost, amateur HOFi


Innate Abilities, Weirdness & Mutations

You occasionally lose the ability to read scrolls when taking damage.


Message History

The jackal attacks as you move away!
The jackal bites you but does no damage. x2
The jackal attacks as you move away! The jackal barely misses you.
The jackal bites you. The jackal attacks as you move away!
The jackal bites you but does no damage.
The jackal closely misses you. The jackal attacks as you move away!
The jackal bites you but does no damage.
The jackal bites you. The jackal attacks as you move away!
The jackal misses you. The jackal attacks as you move away!
The jackal bites you but does no damage. x2
The jackal attacks as you move away!
The jackal bites you but does no damage.
You closely miss the jackal.
The jackal bites you but does no damage.
The jackal barely misses you.
You hit the jackal but do no damage. The jackal closely misses you.
The jackal barely misses you. The jackal misses you.
You barely miss the jackal. The jackal bites you. x3
* * * LOW HITPOINT WARNING * * *
The jackal closely misses you.
You feel a little less clever now.
The jackal bites you but does no damage.
You barely miss the jackal. The jackal bites you.
* * * LOW HITPOINT WARNING * * *
The jackal bites you.
* * * LOW HITPOINT WARNING * * *
The jackal bites you but does no damage.
The jackal barely misses you.
Really read
d - a scroll of immolation {!r}?
Really read the scroll of immolation?
As you read the scroll of immolation {!r}, it crumbles to dust.
The creatures around you are filled with an inner flame!
The jackal barely misses you.
The jackal bites you but does no damage.
You closely miss the jackal. The jackal barely misses you. x2
The jackal misses you.
The jackal bites you but does no damage.
You completely miss the jackal.
The jackal bites you but does no damage.
The jackal barely misses you.
You hit the jackal.
Flame seeps out of the jackal.
The jackal is engulfed in blazing flames.
The jackal explodes!
The fiery explosion engulfs you!! The fire burns you terribly!
You feel threatened and lose the ability to read scrolls!
Ouch! That really hurt!
You die...

[.......#.>........### #...##
........#..........# ###...#
........####.......####....##
#####....# #..........#....#
.........###........<.#...##
.........#............#...#
.........#.⌠.###§§.####...#
.........#...# #○8.# #...#
.........#...# #@hh# #...####
....#####....#
########......## ..### #..###
#............... .##.# #..#
##......#####... ..#.## #..#
##...### ## .....# ##..#
#..## ## ...#.###...# ##..#
#. ...#..##...# #...# ##.
...........# ###..## #.#


You could see 2 jackals.

Vanquished Creatures
  A black bear (D:4)
  A phantom (D:4)
  A howler monkey (D:3)
  An orc wizard (D:4)
  An adder (D:2)
  2 worms (D:2)
  3 dart slugs
  3 orcs (D:4)
  7 endoplasms
  A giant cockroach (D:2)
  7 goblins
  3 hobgoblins (D:2)
  8 jackals
  3 quokkas
  7 ball pythons
  4 bats
  2 frilled lizards
  6 kobolds
  5 rats
66 creatures vanquished.

Notes
Turn   | Place    | Note
-------+----------+-------------------------------------------
     0 | D:1      | bladeefan the Hill Orc Monk began the quest for the Orb.
     0 | D:1      | Reached XP level 1. HP: 19/19 MP: 1/1
   249 | D:1      | Reached XP level 2. HP: 27/27 MP: 2/2
   285 | D:1      | Reached skill level 4 in Fighting
   814 | D:1      | Found a faded altar of an unknown god.
   991 | D:2      | Reached XP level 3. HP: 32/33 MP: 3/3
  1219 | D:2      | Found a bloodstained altar of Trog.
  1683 | D:2      | Reached XP level 4. HP: 36/41 MP: 4/4
  2458 | D:3      | Found a runed translucent door.
  2463 | D:3      | Noticed Veterankin's ghost (amateur HOFi)
  2781 | D:3      | Noticed Grinder
  2807 | D:3      | Reached skill level 5 in Fighting
  2807 | D:3      | Reached skill level 1 in Armour
  2807 | D:3      | Reached XP level 5. HP: 41/48 MP: 5/5
  3079 | D:4      | Found Usa Norch's Assorted Antiques.
  3083 | D:4      | Noticed a phantom
  3105 | D:4      | Killed a phantom
  3230 | D:4      | Found Cas Wips's Antique Weapon Shop.
  3493 | D:4      | Noticed a black bear
  3504 | D:4      | Killed a black bear
  3505 | D:4      | Reached XP level 6. HP: 19/57 MP: 6/6
  3814 | D:4      | Found Isyufaf's Antique Weapon Boutique.
  4469 | D:4      | Gained mutation: You occasionally lose the ability to read
                  | scrolls when taking damage. [potion of mutation]
  4526 | D:4      | Killed by an exploding jackal... ignited by their inner
                  | flame

Illustrated notes

Levels and vault maps discovered:
D:1:      grunt_arrival_crossed_arrows, layout_basic,
          dreamdust_ecumenical_altar_angels_and_demons, skrybe_limestone_x,
          lemuel_old_faithful
D:2:      layout_basic, basic_altar, serial_curves, eino_curves_01,
          eino_curves_04, minmay_tetromino_o2
D:3:      layout_basic, ebering_ghost_inner_flame, uniq_grinder
D:4:      layout_layer_cave, serial_shops, nicolae_diamond_shop,
          nicolae_shop_waterfront, nicolae_shop_statue_plus, shop,
          minmay_misc_feat_five, roderic_lattice_a,
          nicolae_elevator_lobby_asterisk

Skill      XL: |  1  2  3  4  5 |
---------------+----------------+-----
Fighting       | 4 5 |  5.9
Stealth        | 2 |  2.1
Maces & Flails | 4 |  4.5
Armour         | 1 2 |  2.1
Dodging        | 3 |  3.3

Action                   |  1- 3 |  4- 6 || total
-------------------------+-------+-------++-------
Melee: Mace              |   149 |   146 ||   295
       Punch             |     1 |     1 ||     2
  Use: Scroll            |       |     6 ||     6
       Potion            |       |     8 ||     8
 Stab: Sleeping          |     2 |       ||     2
Armor: Robe              |    12 |       ||    12
       Ring mail         |    44 |     4 ||    48
       Scale mail        |       |    89 ||    89
Dodge: Dodged            |   114 |   104 ||   218

Table legend: (Time is in decaauts)
 A = Elapsed time spent in this place.
 B = Non-inter-level travel time spent in this place.
 C = Inter-level travel time spent in this place.
 D = Time resting spent in this place.
 E = Time spent auto-exploring this place.
 F = Levels seen in this place.
 G = Mean time per level.
                   A        B        C        D        E       F      G
               +--------+--------+--------+--------+--------+-----+--------+
         Total |   4585 |   4526 |     59 |    961 |   2746 |   4 | 1146.2 |
       Dungeon |   4585 |   4526 |     59 |    961 |   2746 |   4 | 1146.2 |
               +--------+--------+--------+--------+--------+-----+--------+

Top non-repeatable levels by time:
     D:4: 1649 daAuts
     D:2: 1518 daAuts
     D:1: 958 daAuts
     D:3: 459 daAuts
